 Dungeon Crawl Stone Soup version 0.15.2 (webtiles) character file.

174 MistressOfTheSands the Insei (level 5, -2/41 HPs)
             Began as a Mummy Monk on Nov 9, 2015.
             Slain by a slave (9 damage)
             ... led by Pikel
             ... on Level 4 of the Dungeon.
             The game lasted 00:04:21 (3197 turns).

MistressOfTheSands the Insei (Mummy Monk)           Turns: 3197, Time: 00:04:21

HP  -2/41        AC  2     Str 14      XL: 5   Next: 28%
MP   5/5         EV 13     Int  9      God:
Gold 52          SH  0     Dex 15      Spells:  0 memorised,  4 levels left

rFire  x . .     SeeInvis .       - Unarmed
rCold  + . .     Clarity  .     a - +0 robe
rNeg   + + +     rCorr    .     (no shield)
rPois  +         rRot     +     (no helmet)
rElec  .         Spirit   .     (no cloak)
SustAb .         Warding  .     (no gloves)
rMut   .         Stasis   .     (no boots)
Gourm  .                        (no amulet)
MR     .....                    (no ring)
                                (no ring)

@: not resistant to hostile enchantments, unstealthy
A: no food or potions, fire vulnerability, restore body, cold resistance 1,
negative energy resistance 3, poison resistance, torment resistance, unbreathing
a: no special abilities


You were on level 4 of the Dungeon.
You were not hungry.

You visited 1 branch of the dungeon, and saw 4 of its levels.

You collected 52 gold pieces.


Innate Abilities, Weirdness & Mutations

You do not eat or drink.
Your flesh is vulnerable to fire.
Your flesh is cold resistant.
You are immune to negative energy.
Your system is resistant to poisons.
You are immune to unholy pain and torment.
You can survive without breathing.


   Skills:
 - Level 3.0 Fighting
 - Level 2.4 Dodging
 - Level 1.5 Stealth
 + Level 5.5 Unarmed Combat


You had 4 spell levels left.
You didn't know any spells.

Inventory:

Missiles
 i - 11 poisoned needles
Armour
 a - a +0 robe (worn)
Scrolls
 b - 3 scrolls of recharging {unknown}
 c - a scroll of amnesia {unknown}
 d - 2 scrolls of identify {unknown}
 e - a scroll of teleportation {unknown}
 f - a scroll of enchant weapon {unknown}
 g - a scroll of immolation {unknown}
 h - a scroll of magic mapping {unknown}
 j - a scroll of enchant armour {unknown}

Dungeon Overview and Level Annotations

Branches:
Dungeon (4/15)
 Temple: D:4-7

Altars:
Nemelex Xobeh
Qazlal
Trog

Shops:
D:4

* ######### #∩....M<#
##### #.#####p# ....##
#.#####.###########
.....#
#..............l.(#####
###.##
#..####.###...........#
#.# #..#
#...!.....%.....# ###.#
#..####.###.#####.###.#
)...# #..#....###.# #.#
#.# ##p%#
#####...##.<.##.# #.#
#.#


You could see a slave.


Message History

You hit the rat skeleton. You hit the rat skeleton.
You destroy the rat skeleton!
You see here a club.
The slave barely misses you.
You closely miss the slave. You closely miss the slave.
The slave barely misses you.
You completely miss the slave. The slave misses you.
You see here a club.
You hit the slave but do no damage. The slave hits you.
* * * LOW HITPOINT WARNING * * *
You hit the slave. Your punch misses the slave.
The slave is lightly wounded.
You hit the slave.
The slave is moderately wounded.
The slave hits you but does no damage.
You closely miss the slave.
The slave is moderately wounded.
The slave hits you.
* * * LOW HITPOINT WARNING * * *
You hit the slave.
The slave is moderately wounded.
The slave hits you!
* * * LOW HITPOINT WARNING * * *
A giant newt comes into view.
You see here a club.
You closely miss the slave. You punch the slave, but do no damage.
The slave is moderately wounded.
The slave hits you!
You die...

Action                   |  1- 3 |  4- 6 || total
-------------------------+-------+-------++-------
Melee: Unarmed           |   153 |   145 ||   298
 Stab: Sleeping          |     2 |       ||     2

Vault maps used:
D:1:      eino_arrival_cavern_b
D:2:      minmay_kobold_bridge, nemelex_spade_bored_becter
D:4:      kennysheep_mini, lightli_temple_of_fire, serial_shops, shop,
          corexii_checkpoint_b, uniq_pikel

Notes
Turn   | Place    | Note
--------------------------------------------------------------
     0 | D:1      | MistressOfTheSands, the Mummy Monk, began the quest for the Orb.
     0 | D:1      | Reached XP level 1. HP: 18/18 MP: 1/1
   369 | D:1      | Reached XP level 2. HP: 24/24 MP: 2/2
   800 | D:1      | Reached skill level 4 in Unarmed Combat
  1068 | D:1      | Reached XP level 3. HP: 26/29 MP: 3/3
  1498 | D:2      | Found a sparkling altar of Nemelex Xobeh.
  1596 | D:2      | Reached XP level 4. HP: 21/35 MP: 4/4
  2306 | D:3      | Reached skill level 5 in Unarmed Combat
  2475 | D:4      | Found Lyesaobb's General Store.
  2821 | D:4      | Found a bloodstained altar of Trog.
  2944 | D:4      | Reached XP level 5. HP: 36/41 MP: 5/5
  2955 | D:4      | Found a stormy altar of Qazlal.
  3039 | D:4      | Noticed a slave
  3044 | D:4      | Noticed Pikel
  3046 | D:4      | Noticed a slave
  3049 | D:4      | Noticed a slave
  3051 | D:4      | Noticed a slave
  3053 | D:4      | Noticed an ogre
  3197 | D:4      | Slain by a slave

Vanquished Creatures
  An orc priest (D:4)
  A worker ant (D:3)
  3 adders (D:2)
  A giant mite (D:4)
  2 worms (D:2)
  5 giant geckos
  4 orcs
  8 bats
  A giant cockroach (D:4)
  5 hobgoblins
  A ball python (D:1)
  2 giant newts
  10 goblins
  11 jackals
  8 kobolds
  9 rats
  2 rat skeletons (D:4)
74 creatures vanquished.
